 Dungeon Crawl Stone Soup version 0.17.1-2-g5865329 (webtiles) character file.

19632 Metrazal the Spry (level 12, -1/53 HPs)
             Began as a Spriggan Assassin on Jan 16, 2016.
             Slain by Rupert
             ... wielding a +6 great mace of draining
              (6 damage)
             ... while paralysed by Rupert
             ... on level 2 of the Orcish Mines on Jan 17, 2016.
             The game lasted 06:50:35 (24589 turns).

Metrazal the Spry (Spriggan Assassin)              Turns: 24589, Time: 06:50:36

Health: -1/53      AC:  4    Str:  7    XL:     12   Next: 38%
Magic:  13/13      EV:  4    Int: 10    God:
Gold:   946        SH:  0    Dex: 21    Spells: 1 memorised, 9 levels left

rFire  . . .     SeeInvis +     b - +0 blowgun
rCold  . . .     Clarity  .     S - +1 robe of the Vestibule of Hell {rElec Regen+ rCorr Int-4}
rNeg   . . .     SustAt   .     (shield restricted)
rPois  .         Gourm    .     (helmet restricted)
rElec  +         Spirit   .     d - +0 cloak
rCorr  +         Warding  .     (gloves unavailable)
rMut   .         Stasis   .     (boots unavailable)
MR     ++...                    M - amulet of resist corrosion
Stlth  ++++......               (no ring)
                                (no ring)

@: paralysed, drained, very quick, very resistant to hostile enchantments,
stealthy
A: unfitting armour, see invisible, herbivore 3, speed 3, slow metabolism 2
a: no special abilities


You were on level 2 of the Orcish Mines.
You were not hungry.

You visited 2 branches of the dungeon, and saw 13 of its levels.

You collected 946 gold pieces.

Inventory:

Hand Weapons
 b - a +0 blowgun (weapon)
 s - a +0 hunting sling
 L - a +0 shortbow
 Y - a +3 dagger
Missiles
 c - 14 poisoned needles (quivered)
 f - a curare-tipped needle
 h - 25 arrows
 j - 247 stones
 l - an arrow of frost
 m - 42 sling bullets
 H - 7 tomahawks
 P - 9 silver sling bullets
Armour
 d - a +0 cloak (worn)
 e - a +2 robe of cold resistance
 S - the +1 robe of the Vestibule of Hell (worn) {rElec Regen+ rCorr Int-4}
   (You found it on level 8 of the Dungeon)

   It affects your intelligence (-4).
   It insulates you from electricity.
   It increases your rate of regeneration.
   It protects you from acid and corrosion.
Jewellery
 M - an amulet of resist corrosion (around neck)
Wands
 J - a wand of teleportation (0)
 O - a wand of fire (0)
 R - a wand of invisibility (2)
 V - a wand of digging (7)
Scrolls
 k - 2 scrolls of immolation
 t - 5 scrolls of recharging
 w - 2 scrolls of teleportation
 y - 4 scrolls of noise {unknown}
 A - 2 scrolls of identify
 F - 3 scrolls of magic mapping
 G - a scroll of torment {unknown}
 K - a scroll of enchant armour
 N - a scroll of fear {unknown}
 T - 2 scrolls of fog {unknown}
 W - 2 scrolls of amnesia
 X - a scroll of enchant weapon {unknown}
Potions
 a - a potion of lignification {unknown}
 i - 2 potions of agility
 o - a potion of haste
 q - 2 potions of invisibility {unknown}
 u - 2 potions of mutation {unknown}
 x - a potion of brilliance {unknown}
 z - 2 potions of cancellation {unknown}
 B - a potion of curing {unknown}
 C - 2 potions of might {unknown}
 E - 2 potions of degeneration {unknown}
 I - 2 potions of flight {unknown}
Comestibles
 g - 7 bread rations
 n - a slice of pizza
 r - 9 royal jellies
 U - 4 fruits


   Skills:
 - Level 1.5(0.7) Fighting
 - Level 2.1(1.3) Short Blades
 * Level 13.6(12.6) Slings
 * Level 13.6(12.4) Bows
 - Level 2.0(6.9) Throwing
 * Level 16.2(15.0) Dodging
 - Level 5.8(4.9) Stealth


You had 9 spell levels left.
You knew the following spells:

 Your Spells              Type           Power        Failure   Level  Hunger
a - Blink                 Tloc           N/A          61%         2    ###....


Dungeon Overview and Level Annotations

Branches:
Dungeon (11/15)            Temple (0/1) D:4            Lair (0/8) D:11
    Orc (2/4) D:11

Altars:
Cheibriados
Fedhas
Gozag
Kikubaaqudgha
Nemelex Xobeh
Sif Muna
Trog
Xom
Yredelemnul
Zin

Annotations:
D:10 Fannar
Orc:2 Rupert


Innate Abilities, Weirdness & Mutations

You are tiny and cannot use many weapons and most armour.
You have supernaturally acute eyesight.
You are a herbivore.
You cover ground extremely quickly.
You need consume almost no food.


Message History

You start resting.
HP restored.
You climb downwards.
Level annotation: Rupert Rupert roars wildly at you.
You suddenly lose the ability to move!
The orc warrior throws a tomahawk.
The tomahawk barely misses you. Rupert yells loudly at you.
You easily resist.
The orc warrior throws a tomahawk.
The tomahawk hits you but does no damage.
The orc warrior throws a tomahawk.
The tomahawk hits you!
Rupert hits you with a great mace of draining!!
You feel drained.
The orc warrior throws a tomahawk.
The tomahawk hits you but does no damage.
Rupert hits you with a great mace of draining!
* * * LOW HITPOINT WARNING * * *
You feel drained.
You die...

$.........
...>....
......##
##......
####......###
#...(.......#..
......(........
......@@..o....
......#........
..... ##...o...
.... ....$..
... ....... ..
....#.. # ...##
. ....


You could see Rupert, an orc warrior and an orc.

Vanquished Creatures
  Maud (D:10)
  Snorg (D:10)
  Erolcha (D:9)
  Erica (D:10)
  A centaur warrior (D:9)
  2 hill giants (D:10)
  An unseen horror (D:10)
  Pikel (D:9)
  The ghost of TugoseryaHuesosov the Basher, a novice MiFi (D:6)
  2 ugly things (D:11)
  2 cyclopes
  Maurice (D:11)
  Joseph (D:7)
  The ghost of Gomorra the Covered, a novice MiFi (D:5)
  Psyche (D:9)
  A troll (D:10)
  A fire drake (D:11)
  A two-headed ogre (D:10)
  A wraith (D:11)
  3 deep elf magi
  A hungry ghost (D:9)
  The ghost of serq the Poker, an amateur MfGl (D:3)
  11 yaks
  3 hippogriffs
  2 soldier ants (D:8)
  5 orc warriors
  Duvessa (D:7)
  9 ice beasts
  4 sky beasts
  2 wasps (D:9)
  A black bear (D:9)
  A swamp drake (D:11)
  A centaur (D:6)
  9 ogres
  4 phantoms
  7 giant frogs
  2 brain worms (D:8)
  Dowan (D:7)
  A gnoll sergeant (D:10)
  2 wyvern skeletons
  A scorpion (D:11)
  16 wights
  A jelly (D:9)
  2 giant frog zombies
  9 crimson imps
  2 centaur skeletons (D:11)
  5 orc priests
  5 hounds
  3 giant frog skeletons
  4 iguanas
  11 worker ants
  10 orc wizards
  2 hound skeletons
  4 worker ant zombies
  15 gnolls
  4 adders
  An ooze (D:3)
  An adder zombie (D:9)
  An adder skeleton (D:5)
  A giant gecko (D:9)
  46 orcs
  6 bats
  3 giant cockroaches
  5 hobgoblins
  17 jackals
  5 kobolds
  3 quokkas
  A ball python (D:7)
  A giant gecko skeleton (D:4)
  3 giant newts
  4 goblins
  A jackal skeleton (D:4)
  A quokka skeleton (D:4)
  3 rats (D:1)
290 creatures vanquished.

Vanquished Creatures (others)
  An ice beast (D:5)
  3 slaves (D:9)
  A sky beast (D:9)
  A centaur (D:9)
  A worker ant zombie (D:9)
  3 plants (D:5)
10 creatures vanquished.

Grand Total: 300 creatures vanquished

Notes
Turn   | Place    | Note
--------------------------------------------------------------
     0 | D:1      | Metrazal the Spriggan Assassin began the quest for the Orb.
     0 | D:1      | Reached XP level 1. HP: 10/10 MP: 2/2
   405 | D:1      | Reached XP level 2. HP: 14/14 MP: 3/3
  1722 | D:2      | Found a bloodstained altar of Trog.
  1778 | D:2      | Reached skill level 1 in Slings
  2721 | D:3      | Found a faded altar to an unknown god.
  2755 | D:3      | Noticed serq's ghost (amateur MfGl)
  3225 | D:3      | Killed serq's ghost
  3225 | D:3      | Reached skill level 5 in Dodging
  3225 | D:3      | Reached XP level 3. HP: 18/18 MP: 4/4
  3225 | D:3      | Reached XP level 4. HP: 22/22 MP: 5/5
  3225 | D:3      | Reached XP level 5. HP: 25/25 MP: 6/6
  3520 | D:3      | Found a shimmering altar of Xom.
  3813 | D:3      | Reached skill level 6 in Dodging
  4404 | D:4      | Noticed an ogre
  4415 | D:4      | Killed an ogre
  4415 | D:4      | Reached skill level 7 in Dodging
  4415 | D:4      | Reached XP level 6. HP: 30/30 MP: 7/7
  4444 | D:4      | Found an opulent altar of Gozag.
  4446 | D:4      | Found a staircase to the Ecumenical Temple.
  4690 | D:4      | Reached skill level 5 in Slings
  4777 | D:4      | Found a basalt altar of Yredelemnul.
  4864 | D:4      | Noticed a phantom
  4876 | D:4      | Killed a phantom
  5643 | D:5      | Entered Level 5 of the Dungeon
  5654 | D:5      | Reached XP level 7. HP: 24/33 MP: 8/8
  5755 | D:5      | Reached skill level 8 in Dodging
  6272 | D:5      | Reached skill level 9 in Dodging
  6417 | D:5      | Noticed Gomorra's ghost (novice MiFi)
  6979 | D:5      | Learned a level 2 spell: Blink
  7020 | D:5      | Reached XP level 8. HP: 37/37 MP: 9/9
  7121 | D:5      | Found a blossoming altar of Fedhas.
  7124 | D:5      | Found an ancient bone altar of Kikubaaqudgha.
  7460 | D:6      | Reached skill level 10 in Dodging
  8018 | D:6      | Noticed TugoseryaHuesosov's ghost (novice MiFi)
  8358 | D:6      | Reached skill level 11 in Dodging
  9764 | D:5      | Killed Gomorra's ghost
  9764 | D:5      | Reached skill level 12 in Dodging
  9764 | D:5      | Reached XP level 9. HP: 16/41 MP: 10/10
 10447 | D:6      | Found a snail-covered altar of Cheibriados.
 10514 | D:6      | Reached skill level 10 in Slings
 10983 | D:6      | Reached skill level 1 in Bows
 12105 | D:6      | Killed TugoseryaHuesosov's ghost
 12105 | D:6      | Reached skill level 5 in Bows
 13137 | D:7      | Noticed Joseph
 13214 | D:7      | Killed Joseph
 13458 | D:7      | Found a glowing silver altar of Zin.
 13458 | D:7      | Noticed an angel
 13519 | D:7      | Noticed Duvessa
 13548 | D:7      | Killed Duvessa
 13558 | D:7      | Noticed Dowan
 13576 | D:7      | Killed Dowan
 13576 | D:7      | Reached XP level 10. HP: 46/46 MP: 11/11
 14154 | D:8      | Got an ichor-stained robe
 14166 | D:8      | Identified the +1 robe of the Vestibule of Hell {rElec Regen+ rCorr Int-4} (You found it on level 8 of the Dungeon)
 14223 | D:8      | Found a sand-covered staircase.
 14503 | D:8      | Found a sparkling altar of Nemelex Xobeh.
 14585 | D:8      | Reached skill level 10 in Bows
 16180 | D:9      | Noticed Pikel
 16223 | D:9      | Killed Pikel
 16459 | D:9      | Reached skill level 13 in Dodging
 16844 | D:9      | Noticed a centaur warrior
 16903 | D:9      | Noticed a cyclops
 16906 | D:9      | Killed a centaur warrior
 16914 | D:9      | Noticed Psyche
 16934 | D:9      | Killed a cyclops
 16958 | D:9      | Killed Psyche
 17189 | D:9      | Noticed Erolcha
 17229 | D:9      | Killed Erolcha
 17229 | D:9      | Reached XP level 11. HP: 30/49 MP: 12/12
 17910 | D:10     | Entered Level 10 of the Dungeon
 17991 | D:10     | Reached skill level 14 in Dodging
 18005 | D:9      | Found a deep blue altar of Sif Muna.
 18780 | D:10     | Noticed Snorg
 18995 | D:10     | Killed Snorg
 19193 | D:10     | Noticed a hill giant
 19248 | D:10     | Killed a hill giant
 19655 | D:10     | Noticed Maud
 19816 | D:10     | Killed Maud
 19816 | D:10     | Reached skill level 15 in Dodging
 19882 | D:10     | Noticed Erica
 19919 | D:10     | Killed Erica
 20058 | D:10     | Noticed an unseen horror
 20093 | D:10     | Killed an unseen horror
 20093 | D:10     | Reached XP level 12. HP: 21/53 MP: 13/13
 20166 | D:10     | Noticed Fannar
 22031 | D:11     | Found a staircase to the Lair.
 23345 | D:11     | Reached skill level 16 in Dodging
 23626 | D:11     | Found a staircase to the Orcish Mines.
 23785 | Orc:1    | Entered Level 1 of the Orcish Mines
 23785 | Orc:1    | Noticed Maurice
 23869 | D:11     | Killed Maurice
 24425 | Orc:2    | Noticed Rupert
 24586 | Orc:2    | Paralysed by Rupert for 7 turns
 24589 | Orc:2    | Slain by Rupert

Action                   |  1- 3 |  4- 6 |  7- 9 | 10-12 || total
-------------------------+-------+-------+-------+-------++-------
Melee: Short sword       |       |       |    20 |       ||    20
       Dagger            |       |       |     1 |    67 ||    68
 Fire: Blowgun           |    22 |     4 |    88 |   221 ||   335
       Hunting sling     |    91 |   138 |   478 |   226 ||   933
       Shortbow          |       |       |   366 |  1067 ||  1433
Throw: Stone             |       |       |    23 |     2 ||    25
       Tomahawk          |       |       |     3 |     6 ||     9
 Cast: Blink             |       |       |     2 |     3 ||     5
Evoke: Wand              |       |       |       |    12 ||    12
  Use: Scroll            |       |     7 |     5 |     5 ||    17
       Potion            |       |       |     1 |       ||     1
 Stab: Sleeping          |     9 |     1 |     4 |     6 ||    20
       Distracted        |     2 |     1 |     2 |     3 ||     8
       Invisible         |       |       |       |     3 ||     3
  Eat: Bread ration      |       |     1 |       |     1 ||     2
       Pizza             |       |       |     1 |     1 ||     2
       Fruit             |       |       |       |     2 ||     2
